 Dungeon Crawl Stone Soup version 0.26-a0-489-g112e8ad (webtiles) character file.

Game seed: 3614584224007445423

583 ClockworkOrrery the Fighter (level 7, -2/51 HPs)
             Began as a Gargoyle Fighter on Aug 4, 2020.
             Killed from afar by lunkers's ghost (17 damage)
             ... with a stone arrow
             ... on level 4 of the Dungeon.
             The game lasted 00:07:34 (3305 turns).

ClockworkOrrery the Fighter (Gargoyle Fighter)      Turns: 3305, Time: 00:07:34

Health: -2/51      AC: 17    Str: 22    XL:     7   Next: 37%
Magic:  7/7        EV:  5    Int:  8    God:
Gold:   166        SH:  9    Dex:  9    Spells: 6/6 levels left

rFire    . . .     SeeInvis .   a - +0 flail
rCold    . . .     Faith    .   c - +0 kite shield
rNeg     + . .     Spirit   .   r - +0 chain mail
rPois    ∞         Reflect  .   n - +2 helmet
rElec    +         Harm     .   (no cloak)
rCorr    .                      (no gloves)
MR       .....                  (no boots)
Stlth    ..........             (no amulet)
HPRegen  0.17/turn              (no ring)
MPRegen  0.10/turn              (no ring)

@: no status effects
A: negative energy resistance 1, electricity resistance, unbreathing,
petrification resistance, rot immunity, AC +4
a: no special abilities


You were on level 4 of the Dungeon.
You visited 1 branch of the dungeon, and saw 4 of its levels.

You collected 166 gold pieces.

Inventory:

Hand Weapons
 a - a +0 flail (weapon)
Armour
 c - a +0 kite shield (worn)
 n - a +2 helmet (worn)
 r - a +0 chain mail (worn)
Jewellery
 w - a +4 ring of evasion {unknown}
Wands
 b - a wand of iceblast (9)
Scrolls
 f - 3 scrolls of blinking {unknown}
 h - a scroll of fear
 l - a scroll of magic mapping {unknown}
 m - a scroll of amnesia {unknown}
 o - 2 scrolls of identify {unknown}
 q - 2 scrolls of enchant armour {unknown}
 s - 2 scrolls of teleportation
 u - 2 scrolls of remove curse
 x - a scroll of random uselessness {unknown}
Potions
 d - 2 potions of might
 e - a potion of degeneration {unknown}
 g - a potion of berserk rage {unknown}
 i - 3 potions of lignification {unknown}
 j - 2 potions of curing {unknown}
 k - a potion of haste {unknown}
 p - a potion of cancellation {unknown}
 t - a potion of heal wounds {unknown}
 v - a potion of brilliance {unknown}


   Skills:
 * Level 9.1 Fighting
 - Level 2.0 Maces & Flails
 - Level 3.2 Armour
 - Level 3.2 Shields


You had 6 spell levels left.
You didn't know any spells.
Your spell library was empty.

Dungeon Overview and Level Annotations

Branches:
Dungeon (4/15)
 Temple: D:4-7

Altars:
Makhleb

Annotations:
D:4 lunkers's ghost, novice FoEE


Innate Abilities, Weirdness & Mutations

You are resistant to torment.
Your stone body is resilient. (AC +4)
You are immune to poison.
You resist negative energy. (rN+)
You are resistant to electric shocks. (rElec)
You can survive without breathing.
You are immune to petrification.
You are immune to rotting.


Message History

Lunkers's ghost is lightly damaged.
Lunkers's ghost hits you but does no damage. x2
You closely miss lunkers's ghost.
Lunkers's ghost is lightly damaged.
Lunkers's ghost gestures at you while chanting.
The stone arrow hits you!
* * * LOW HITPOINT WARNING * * *
You miss lunkers's ghost.
Lunkers's ghost is lightly damaged.
Lunkers's ghost barely misses you.
You miss lunkers's ghost.
Lunkers's ghost is lightly damaged.
Lunkers's ghost gestures at you while chanting.
The blast of sand hits you but does no damage.
Lunkers's ghost hits you but does no damage.
You miss lunkers's ghost.
Lunkers's ghost is lightly damaged.
Lunkers's ghost gestures at you while chanting.
The stone arrow hits you!
You die...

.....#..#.#.##.###...........<..#
#######.#....#.# #.............^#
...........#.#.# #..............#
#######.#..#.#.# #..............#
........#..#.#.# #..............#
.#....#......#.# #..............#
.#....#.....<#.# #..............#
.#...........#.###Z.............#
.###....#.......@WZ.............#
.###....#..#.#######.......>.....
...#....#..###.#.#Z#.............
...###..#....#....Z#Z............
........#....##$...'...........†.
....##.#####.#.!...'..#######..).
[...##.......##....'.## #....
...#######.#.#.....#.# #....
........##.#.#.#.#.#.# #....


You could see lunkers's ghost, an adder zombie and a centaur skeleton.

Vanquished Creatures
  An ice beast (D:4)
  The ghost of Ninjinzu the Skirmisher, an amateur DsAK of Lugonu (D:3)
  A howler monkey (D:3)
  A hound (D:4)
  An orc priest (D:4)
  4 worker ants (D:4)
  A hound skeleton (D:4)
  Robin (D:3)
  5 adders
  An ooze (D:2)
  2 adder skeletons (D:4)
  2 dart slugs
  5 worms
  7 leopard geckos
  9 orcs
  A ball python (D:2)
  5 giant cockroaches
  14 hobgoblins
  7 jackals (D:3)
  5 kobolds
  3 quokkas
  13 bats
  A frilled lizard (D:1)
  14 goblins
  6 rats
111 creatures vanquished.

Notes
Turn   | Place    | Note
-------+----------+-------------------------------------------
     0 | D:1      | ClockworkOrrery the Gargoyle Fighter began the quest for
                  | the Orb.
     0 | D:1      | Reached XP level 1. HP: 14/14 MP: 1/1
   121 | D:1      | Reached XP level 2. HP: 19/20 MP: 2/2
   158 | D:1      | Reached skill level 4 in Fighting
   309 | D:1      | Reached XP level 3. HP: 24/24 MP: 3/3
   657 | D:2      | Reached skill level 5 in Fighting
   934 | D:2      | Reached XP level 4. HP: 31/31 MP: 4/4
  1366 | D:3      | Reached skill level 6 in Fighting
  1382 | D:3      | Reached XP level 5. HP: 27/36 MP: 5/5
  1502 | D:3      | Noticed Robin
  1541 | D:3      | Killed Robin
  1863 | D:3      | Reached skill level 7 in Fighting
  1979 | D:3      | Found a transporter.
  1979 | D:3      | Noticed Ninjinzu's ghost (amateur DsAK)
  1984 | D:3      | Found a transporter.
  2326 | D:3      | Killed Ninjinzu's ghost
  2326 | D:3      | Reached XP level 6. HP: 38/44 MP: 6/6
  2533 | D:4      | Found a runed translucent gate.
  2533 | D:4      | Found a runed translucent gate.
  2533 | D:4      | Found a runed translucent gate.
  2540 | D:4      | Reached skill level 8 in Fighting
  2543 | D:4      | Noticed lunkers's ghost (novice FoEE)
  2677 | D:4      | Found a burning altar of Makhleb.
  2791 | D:4      | Reached XP level 7. HP: 50/50 MP: 7/7
  2953 | D:4      | Reached skill level 9 in Fighting
  3305 | D:4      | Killed from afar by lunkers's ghost

Illustrated notes

Levels and vault maps discovered:
D:1:      lightli_arrival_quake, layout_rooms
D:2:      layout_rooms
D:3:      layout_loops_cross, gammafunk_ghost_arena, uniq_robin
D:4:      layout_basic, gammafunk_ghost_necromancy, kennysheep_nub,
          bloody_makhleb

Skill      XL: |  1  2  3  4  5  6  7 |
---------------+----------------------+-----
Fighting       | 4 5 6 7 8 9 |  9.1
Maces & Flails | |  2.0
Armour         | |  3.2
Shields        | |  3.2

Action                   |  1- 3 |  4- 6 |  7- 9 || total
-------------------------+-------+-------+-------++-------
Melee: Flail             |   167 |   290 |    68 ||   525
  Use: Scroll            |       |     4 |       ||     4
Armor: Scale mail        |   105 |   100 |       ||   205
       Chain mail        |       |   177 |    47 ||   224
Dodge: Dodged            |    62 |   109 |    16 ||   187
Block: Kite shield       |   117 |   211 |    29 ||   357

Table legend: (Time is in decaauts)
 A = Elapsed time spent in this place.
 B = Non-inter-level travel time spent in this place.
 C = Inter-level travel time spent in this place.
 D = Time resting spent in this place.
 E = Time spent auto-exploring this place.
 F = Levels seen in this place.
 G = Mean time per level.
                   A        B        C        D        E       F      G
               +--------+--------+--------+--------+--------+-----+--------+
         Total |   3501 |   3327 |    174 |    179 |   2026 |   4 |  875.2 |
       Dungeon |   3501 |   3327 |    174 |    179 |   2026 |   4 |  875.2 |
               +--------+--------+--------+--------+--------+-----+--------+

Top non-repeatable levels by time:
     D:3: 1277 daAuts
     D:4: 944 daAuts
     D:2: 670 daAuts
     D:1: 608 daAuts
